 Dungeon Crawl Stone Soup version 0.15-a0-1345-gc375f20 (webtiles) character file.

189180 BluebellGnoll the Unseen (level 17, -5/96 HPs)
             Began as a Spriggan Enchanter on June 6, 2014.
             Was the Champion of Dithmenos.
             Shot with a bolt by a naga sharpshooter (9 damage)
             ... led by Vashnia
             ... on Level 5 of the Snake Pit on June 8, 2014.
             The game lasted 07:29:10 (44418 turns).

BluebellGnoll the Unseen (Spriggan Enchanter)      Turns: 44418, Time: 07:29:11

HP  -5/96        AC  9     Str  4      XL: 17   Next: 93%
MP  35/41        EV 33     Int 23      God: Dithmenos [******]
Gold 2092        SH  5     Dex 17      Spells: 11 memorised, 15 levels left

rFire  + . .     SeeInvis +     h - +2 short sword (freeze)
rCold  + . .     Clarity  +     Z - +2 robe {rC+ rF+}
rNeg   . . .     rCorr    .     e - +0 buckler
rPois  .         rRot     .     K - +2 hat
rElec  .         Spirit   .     E - +2 cloak {MR+}
SustAb .         Warding  .     (gloves unavailable)
rMut   .         Stasis   .     (boots unavailable)
Gourm  .                        c - amulet of clarity
MR     +++..                    w - ring of stealth
                                R - ring of wizardry

@: wreathed by umbra, very quick, extremely resistant to hostile enchantments,
incredibly stealthy
A: unfitting armour, see invisible, herbivore 3, speed 3, robust 1, slow
metabolism 2
a: Shadow Step, Shadow Form, Renounce Religion


You were on level 5 of the Snake Pit.
You worshipped Dithmenos.
Dithmenos was exalted by your worship.
You were not hungry.

You visited 6 branches of the dungeon, and saw 34 of its levels.
You visited 1 bazaar.

You collected 4054 gold pieces.
You spent 1962 gold pieces at shops.

Inventory:

Hand weapons
 a - the +3,+4 cutlass of Eternal Night {antimagic, Dex+3 Int+4}
   (You bought it in a shop in a bazaar)

   It disrupts the flow of magical energy around spellcasters and certain
   magical creatures (including the wielder).
   It affects your intelligence (+4).
   It affects your dexterity (+3).
 d - a +4,+2 quick blade
 h - a +2,+2 short sword of freezing (weapon)
Missiles
 m - 4 poisoned tomahawks (quivered)
Armour
 e - a +0 buckler (worn)
 E - a +2 cloak of magic resistance (worn)
 K - a +2 hat (worn)
 Z - a +2 robe of resistance (worn)
Magical devices
 b - a wand of disintegration (9)
 j - a wand of lightning (2)
 G - a wand of confusion (10)
 H - a wand of cold (2)
 J - a wand of enslavement (9)
 P - a wand of digging (15)
 Q - a wand of invisibility (3)
Comestibles
 f - 5 bread rations
 V - 2 rotting chunks of naga flesh
 Y - 2 rotting chunks of naga flesh
Scrolls
 o - 6 scrolls of teleportation
 u - 3 scrolls of magic mapping
 v - a scroll of silence
 y - 2 scrolls of recharging
 z - a scroll of vulnerability
 A - 4 scrolls of fog
 D - 5 scrolls of blinking
 M - 3 scrolls of fear
 S - 4 scrolls of remove curse
Jewellery
 c - an amulet of clarity (around neck)
 q - an uncursed amulet of warding
 r - an uncursed amulet of rage
 w - a ring of stealth (right hand)
 B - an uncursed ring of protection from cold
 I - an uncursed ring of teleportation
 R - a ring of wizardry (left hand)
 U - an uncursed ring of flight
Potions
 g - 3 potions of might
 k - 2 potions of invisibility
 n - 5 potions of heal wounds
 s - 7 potions of curing
 t - 3 potions of haste
 x - a potion of agility
 C - a potion of brilliance
 L - a potion of restore abilities
 T - a potion of magic
 X - 2 potions of berserk rage {unknown}
Books
 W - a book of Frost

   Spells                             Type                      Level
   Freeze                             Ice                          1
   Throw Frost                        Conjuration/Ice              2
   Ozocubu's Armour                   Charms/Ice                   3
   Throw Icicle                       Conjuration/Ice              4
   *Summon Ice Beast                  Ice/Summoning                4
   Condensation Shield                Ice                          4
Miscellaneous
 i - a box of beasts
 l - a fan of gales
 p - a disc of storms
 O - a phial of floods


   Skills:
 - Level 9.3 Fighting
 * Level 15.0 Short Blades
 + Level 19.4 Dodging
 - Level 19.7 Stealth
 - Level 16.0 Spellcasting
 - Level 10.7 Hexes
 - Level 3.3 Charms
 - Level 3.2 Translocations
 - Level 5.5 Air Magic
 * Level 9.0 Evocations


You had 15 spell levels left.
You knew the following spells:

 Your Spells              Type           Power        Failure   Level  Hunger
a - Invisibility          Hex            ######..     4%          6    ####...
b - Ensorcelled Hibernat  Hex/Ice        #####.       1%          2    None
c - Confuse               Hex            ######..     1%          3    None
d - Sure Blade            Hex/Chrm       ######....   1%          2    None
e - Dazzling Spray        Conj/Hex       #####...     1%          3    None
f - Enslavement           Hex            ######..     1%          4    None
g - Apportation           Tloc           ####......   1%          1    None
h - Blink                 Tloc           N/A          1%          2    None
i - Summon Lightning Spi  Summ/Air       ####....     6%          4    None
j - Sublimation of Blood  Necr           ###.......   2%          2    None
k - Summon Ice Beast      Ice/Summ       ###.....     14%         4    None


Dungeon Overview and Level Annotations

Branches:
Dungeon (15/15)            Temple (1/1) D:7             Orc (4/4) D:11
    Elf (0/3) Orc:4          Lair (8/8) D:10         Shoals (0/5) Lair:3
  Snake (5/5) Lair:4        Slime (0/6) Lair:6       Vaults (0/5) D:14
 Depths (1/5) D:15

Altars:
Ashenzari
Cheibriados
Dithmenos
Elyvilon
Fedhas
Gozag
Kikubaaqudgha
Makhleb
Nemelex Xobeh
Okawaru
Qazlal
Sif Muna
Trog
Vehumet
Xom
Yredelemnul
Zin
The Shining One
Beogh
Jiyva

Shops:
D:11 [   D:14 *   Orc:4 (([(

Portals:
Hell: Depths:1

Annotations:
Snake:3 exclusion: silver statue
Snake:5 Vashnia


Innate Abilities, Weirdness & Mutations

You are tiny and cannot use many weapons and most armour.
You have supernaturally acute eyesight.
You are a herbivore.
You cover ground extremely quickly.
You need consume almost no food.
You are robust (+10% HP).


Message History

The black mamba is dazzled.
The spray of energy hits the naga sharpshooter.
The naga sharpshooter is moderately wounded.
The spray of energy hits the naga warrior.
The naga warrior is moderately wounded.
The naga warrior is dazzled.
Your shadow mimicks your spell!
The shadow shard misses the black mamba.
Vashnia casts a spell.
Magically, Vashnia shoots an arrow.
The arrow hits you!!
* * * LOW HITPOINT WARNING * * *
x2 You emit a cloud of dark smoke.
* * * LOW HITPOINT WARNING * * *
The naga sharpshooter unwields an uncursed halberd.
The naga sharpshooter wields a glowing crossbow.
It is covered in frost.
The naga sharpshooter gestures wildly while chanting.
Magically, the naga sharpshooter shoots a bolt.
The bolt hits you!
You die...

###...............
#...............
###..............
##..............
##...............
#................
#.§.##..........
##§###..........
#@# #......###.
#§S§........#
#.N....#......
###NN..#.....
N........ ..N...
.8. .N... ###...##
.NN. ..N.... #
(...N..


You could see Vashnia, a naga warrior (blind), 4 naga sharpshooters, a black
mamba (blind) and 2 nagas.

Vanquished Creatures
  A bone dragon (D:13)
  A storm dragon (D:13)
  Kirke (D:14)
  Roxanne (Snake:1)
  4 greater nagas
  2 orc warlords
  Donald (Snake:1)
  Maud (Lair:8)
  Gastronok (D:8)
  A stone giant (Depths:1)
  A dire elephant (Depths:1)
  Snorg (D:15)
  A merfolk javelineer (Depths:1)
  A fire dragon (Depths:1)
  A deep elf high priest (D:13)
  A yaktaur captain (Depths:1)
  2 ice dragons
  A ravenous item mimic (Snake:2)
  A great orb of eyes (D:15)
  Harold (Lair:8)
  12 naga warriors
  4 hydras
  Erica (Lair:6)
  A rakshasa (Depths:1)
  6 anacondas
  A deep troll earth mage (Depths:1)
  2 shock serpents
  A tengu warrior (D:15)
  2 naga sharpshooters
  A deep troll shaman (Depths:1)
  3 ogre magi
  10 death yaks
  2 orc high priests (Orc:4)
  2 very ugly things (D:15)
  4 centaur warriors
  Nergalle (Lair:4)
  Erolcha (D:12)
  A salamander mystic (Snake:2)
  3 unseen horrors
  A fire crab (shapeshifter) (D:14)
  5 hill giants
  6 naga ritualists
  3 deep trolls (Depths:1)
  A swamp dragon (shapeshifter) (D:15)
  A giant orange brain (Depths:1)
  Joseph (D:8)
  A wizard (Depths:1)
  2 lindwurms (Lair:8)
  2 wolf spiders (Lair:8)
  4 orc sorcerers
  A griffon (Lair:6)
  4 mana vipers
  11 salamanders
  9 cyclopes
  2 mermaids (Lair:3)
  3 orc knights
  3 guardian serpents
  28 black mambas
  Maurice (Orc:2)
  3 manticores
  17 elephants
  10 naga magi
  18 spiny frogs
  3 gargoyles
  3 kobold demonologists
  An item mimic (D:12)
  A feature mimic (Orc:4)
  9 komodo dragons
  5 yaktaurs (Depths:1)
  8 fire drakes
  A tengu conjurer (D:15)
  4 giant fireflies (Lair:8)
  8 two-headed ogres
  4 trolls
  A deep elf priest (Depths:1)
  A polar bear (shapeshifter) (D:15)
  A queen bee (Lair:1)
  A hydra zombie (D:15)
  31 blink frogs
  A jumping spider (shapeshifter) (Depths:1)
  A merfolk (Lair:3)
  3 giant leeches (Lair:8)
  A boulder beetle (Lair:8)
  7 slime creatures
  A freezing wraith (D:11)
  A raven (D:15)
  6 basilisks
  A hog (shapeshifter) (D:15)
  A redback (Lair:8)
  2 trapdoor spiders (D:13)
  3 deep elf magi
  A wraith (D:11)
  A water elemental (Depths:1)
  14 hippogriffs
  Eustachio (D:6)
  4 wyverns
  46 yaks
  A hippogriff (shapeshifter) (D:15)
  5 hungry ghosts
  3 vampire mosquitoes (D:12)
  A hill giant skeleton (D:12)
  Grum (D:8)
  The ghost of BluebellGnoll the Sneak, an average SpAK of Lugonu (D:3)
  17 ugly things
  2 wolves (D:8)
  A mottled dragon (D:15)
  A human zombie (D:15)
  Edmund (D:6)
  A soldier ant (D:11)
  3 wargs
  47 nagas
  2 tengu skeletons
  A human skeleton (D:11)
  44 orc warriors
  13 porcupines
  36 water moccasins
  3 boggarts (D:15)
  A phantom (D:9)
  2 sky beasts
  A black bear (D:11)
  6 spiders (Lair:8)
  5 ice beasts
  2 yellow wasps (Lair:8)
  A necrophage (D:10)
  A boring beetle (Lair:8)
  9 centaurs
  A komodo dragon zombie (D:14)
  11 ogres
  Duvessa (D:8)
  A yaktaur zombie (D:15)
  19 giant frogs
  5 brain worms
  18 crocodiles
  4 big kobolds
  A yaktaur skeleton (D:13)
  8 scorpions
  28 killer bees
  A hippogriff skeleton (D:13)
  A yak skeleton (D:8)
  3 quasits
  12 jellies
  A goliath beetle (D:8)
  Dowan (D:8)
  7 crimson imps
  An elf zombie (D:7)
  A centaur skeleton (D:4)
  2 big fish
  Crazy Yiuf (D:3)
  30 orc priests
  15 hounds
  12 iguanas
  25 orc wizards
  12 worker ants
  27 sheep
  A hound zombie (D:5)
  A mottled dragon skeleton (D:12)
  A hound skeleton (D:5)
  15 gnolls
  19 green rats
  39 adders
  3 giant mites
  An inept item mimic (D:3)
  6 shadow imps
  17 worms
  4 giant geckos
  7 oozes
  159 orcs
  A ball python (D:1)
  A bat skeleton (D:4)
  A giant cockroach (D:3)
  45 goblins
  42 hobgoblins
  12 quokkas
  24 bats
  A giant gecko skeleton (D:4)
  2 giant newts
  A giant spore (D:7)
  41 jackals
  25 kobolds
  A kobold zombie (D:5)
  2 orc zombies
  A quokka skeleton (D:6)
  20 rats
  A rat skeleton (D:6)
  4 ballistomycetes (D:7)
  5 plants
1361 creatures vanquished.

Vanquished Creatures (collateral kills)
  A death yak (Depths:1)
  An orc high priest (Orc:2)
  2 deep trolls (Depths:1)
  A yak (D:9)
  2 nagas (Snake:1)
  A water moccasin (Snake:1)
  An orc warrior (Orc:2)
  A killer bee (Lair:1)
  A crimson imp (D:11)
  4 orc priests
  A worm (Lair:8)
  10 orcs
  A giant cockroach (D:4)
  2 hobgoblins (D:3)
  A quokka (D:4)
  2 goblins (D:3)
32 creatures vanquished.

Vanquished Creatures (others)
  A yaktaur captain (Depths:1)
  3 slime creatures
  3 ice beasts (Snake:1)
  A hound (D:9)
  4 sheep (Lair:7)
  8 lightning spires (Snake:1)
  An orc priest (Orc:2)
  4 fungi
  A plant (Lair:8)
26 creatures vanquished.

Grand Total: 1419 creatures vanquished

Notes
Turn   | Place    | Note
--------------------------------------------------------------
     0 | D:1      | BluebellGnoll, the Spriggan Enchanter, began the quest for the Orb.
     0 | D:1      | Reached XP level 1. HP: 9/9 MP: 4/4
   277 | D:1      | Reached skill level 5 in Stealth
   395 | D:1      | Reached XP level 2. HP: 13/13 MP: 7/7
   404 | D:1      | Learned a level 2 spell: Ensorcelled Hibernation
   737 | D:1      | Reached skill level 6 in Stealth
  1005 | D:2      | Reached XP level 3. HP: 16/16 MP: 9/9
  1344 | D:2      | Learned a level 3 spell: Confuse
  1347 | D:2      | Learned a level 2 spell: Sure Blade
  1688 | D:3      | Found a white marble altar of Elyvilon.
  1700 | D:3      | Found a glowing golden altar of the Shining One.
  1703 | D:3      | Found a shimmering altar of Xom.
  1741 | D:3      | Noticed BluebellGnoll's ghost (average SpAK)
  1843 | D:3      | Killed BluebellGnoll's ghost
  1843 | D:3      | Reached skill level 5 in Hexes
  1843 | D:3      | Reached XP level 4. HP: 9/21 MP: 1/16
  1843 | D:3      | Reached XP level 5. HP: 10/24 MP: 1/18
  1848 | D:3      | Learned a level 3 spell: Dazzling Spray
  2101 | D:3      | Reached skill level 5 in Spellcasting
  2481 | D:3      | Noticed Crazy Yiuf
  2495 | D:3      | Killed Crazy Yiuf
  2518 | D:3      | Learned a level 4 spell: Enslavement
  2565 | D:3      | Reached XP level 6. HP: 25/28 MP: 19/21
  3555 | D:3      | Noticed a big kobold
  3576 | D:3      | Killed a big kobold
  3593 | D:3      | Reached skill level 7 in Stealth
  3844 | D:3      | Noticed a big kobold
  3858 | D:3      | Killed a big kobold
  3858 | D:3      | Reached XP level 7. HP: 32/32 MP: 5/24
  4910 | D:4      | Reached skill level 8 in Stealth
  5158 | D:4      | Reached skill level 9 in Stealth
  5184 | D:4      | Found a deep blue altar of Sif Muna.
  5294 | D:5      | Entered Level 5 of the Dungeon
  5447 | D:5      | Reached XP level 8. HP: 36/36 MP: 20/26
  5961 | D:6      | Reached skill level 5 in Dodging
  6022 | D:6      | Noticed Eustachio
  6034 | D:6      | Killed Eustachio
  6693 | D:6      | Noticed Edmund
  6737 | D:6      | Killed Edmund
  6886 | D:6      | Learned a level 1 spell: Apportation
  6989 | D:6      | Found a basalt altar of Yredelemnul.
  6995 | D:6      | Found a snail-covered altar of Cheibriados.
  7285 | D:7      | Found a staircase to the Ecumenical Temple.
  7378 | Temple   | Entered the Ecumenical Temple
  7449 | Temple   | Became a worshipper of Dithmenos the Shadowed
  7502 | D:7      | Reached XP level 9. HP: 39/39 MP: 19/28
  8308 | D:8      | Noticed Grum
  8358 | D:8      | Killed Grum
  8358 | D:8      | Reached skill level 10 in Stealth
  8597 | D:8      | Noticed Gastronok
  8804 | D:8      | Noticed Dowan
  8809 | D:8      | Noticed Duvessa
  8818 | D:8      | Killed Dowan
  8854 | D:8      | Killed Duvessa
  8883 | D:8      | Noticed Joseph
  9011 | D:8      | Killed Joseph
  9011 | D:8      | Reached skill level 10 in Hexes
  9797 | D:8      | Killed Gastronok
  9797 | D:8      | Reached skill level 11 in Stealth
  9797 | D:8      | Reached skill level 10 in Spellcasting
  9797 | D:8      | Reached XP level 10. HP: 33/44 MP: 2/31
  9933 | D:8      | Learned a level 6 spell: Invisibility
 10028 | Temple   | Learned a level 2 spell: Blink
 10157 | D:9      | Reached skill level 1 in Charms
 10229 | D:9      | Reached skill level 1 in Translocations
 10232 | D:9      | Reached skill level 5 in Short Blades
 10555 | D:9      | Acquired Dithmenos' first power
 10830 | D:10     | Entered Level 10 of the Dungeon
 11459 | D:10     | Reached skill level 10 in Dodging
 11540 | D:10     | Found a staircase to the Lair.
 11628 | D:10     | Noticed an unseen horror
 11634 | D:10     | Killed an unseen horror
 11634 | D:10     | Reached XP level 11. HP: 47/47 MP: 32/32
 11972 | D:10     | Acquired Dithmenos' second power
 12221 | D:11     | Noticed an unseen horror
 12225 | D:11     | Killed an unseen horror
 12330 | D:11     | Found a staircase to the Orcish Mines.
 12380 | D:11     | Reached skill level 1 in Evocations
 12501 | D:11     | Noticed a hill giant
 12537 | D:11     | Killed a hill giant
 12839 | D:11     | Found Chyxan's Antique Armour Boutique.
 12842 | D:11     | Bought a runed cloak for 117 gold pieces
 12944 | D:12     | Reached skill level 12 in Stealth
 13255 | D:12     | Reached skill level 13 in Stealth
 13576 | D:12     | Acquired Dithmenos' third power
 13617 | D:12     | Reached XP level 12. HP: 51/51 MP: 20/35
 13623 | D:12     | Reached skill level 5 in Evocations
 13764 | D:12     | Reached skill level 14 in Stealth
 13774 | D:12     | Noticed Erolcha
 13837 | D:12     | Killed Erolcha
 14023 | Orc:1    | Entered Level 1 of the Orcish Mines
 14436 | Orc:2    | Noticed Maurice
 14445 | Orc:2    | Killed Maurice
 14445 | Orc:2    | Reached skill level 1 in Fighting
 14551 | Orc:2    | Acquired Dithmenos' fourth power
 14766 | Orc:2    | Noticed an orc warlord
 14831 | Orc:2    | Killed an orc warlord
 15276 | Orc:2    | Found a roughly hewn altar of Beogh.
 15762 | Orc:1    | Reached skill level 5 in Fighting
 16601 | Orc:1    | Found a bloodstained altar of Trog.
 17747 | Orc:4    | Entered Level 4 of the Orcish Mines
 17814 | Orc:4    | Found a roughly hewn altar of Beogh.
 17952 | Orc:4    | Found a staircase to the Elven Halls.
 17959 | Orc:4    | Found a glowing silver altar of Zin.
 17974 | Orc:4    | Noticed an orc warlord
 17976 | Orc:4    | Found a roughly hewn altar of Beogh.
 17976 | Orc:4    | Found Soid's Antique Armour Boutique.
 17983 | Orc:4    | Found Traotahe's Antique Weapon Shop.
 18002 | Orc:4    | Killed an orc warlord
 18092 | Orc:4    | Bought a glowing cloak for 117 gold pieces
 18214 | Orc:4    | Reached XP level 13. HP: 61/69 MP: 25/36
 18808 | Orc:4    | Found a roughly hewn altar of Beogh.
 19135 | Orc:4    | Found a roughly hewn altar of Beogh.
 19428 | Orc:4    | Found a roughly hewn altar of Beogh.
 19560 | Orc:4    | Found a roughly hewn altar of Beogh.
 19561 | Orc:4    | Found Jyvudgh's Antique Weapon Shoppe.
 19637 | Orc:4    | Bought a glowing cutlass for 108 gold pieces
 19862 | Orc:4    | Found a roughly hewn altar of Beogh.
 19888 | Orc:4    | Found Zoanu's Weapon Emporium.
 21596 | D:13     | Noticed a bone dragon
 21603 | D:13     | Noticed a fire giant
 21617 | D:13     | Noticed a storm dragon
 22582 | D:13     | Killed a bone dragon
 23520 | Lair:1   | Entered Level 1 of the Lair of Beasts
 24252 | Lair:1   | Reached skill level 10 in Short Blades
 25178 | Lair:2   | Reached XP level 14. HP: 67/75 MP: 22/36
 25894 | Lair:3   | Found a staircase to the Shoals.
 26876 | Lair:4   | Found a staircase to the Snake Pit.
 26986 | Lair:4   | Noticed Nergalle
 27044 | Lair:4   | Killed Nergalle
 27064 | Lair:4   | Gained mutation: You are robust (+10% HP). [potion of beneficial mutation]
 27122 | Lair:4   | Reached skill level 15 in Dodging
 27705 | Lair:5   | Reached skill level 5 in Air Magic
 27705 | Lair:5   | Reached XP level 15. HP: 86/86 MP: 23/38
 28677 | Lair:6   | Noticed Erica
 28680 | Lair:6   | Killed Erica
 28685 | Lair:6   | Found a staircase to the Slime Pits.
 28687 | Lair:6   | Found a viscous altar of Jiyva.
 29483 | Lair:2   | Learned a level 4 spell: Summon Lightning Spire
 29593 | Lair:7   | Reached skill level 15 in Stealth
 29753 | Lair:7   | Found a shimmering altar of Xom.
 30150 | Lair:7   | Reached skill level 16 in Stealth
 30528 | Lair:8   | Entered Level 8 of the Lair of Beasts
 30549 | Lair:8   | Noticed Harold
 31177 | Lair:8   | Noticed Maud
 31194 | Lair:8   | Killed Maud
 31653 | Lair:8   | Killed Harold
 31653 | Lair:8   | Reached XP level 16. HP: 92/92 MP: 34/39
 33260 | Lair:2   | Upgraded the game from 0.15-a0-1309-g3520d71 to 0.15-a0-1345-gc375f20
 33370 | D:13     | Killed a storm dragon
 33370 | D:13     | Reached skill level 17 in Stealth
 33555 | D:14     | Found a gate to the Vaults.
 33755 | D:14     | Found Tosifobb's Assorted Antiques.
 33766 | D:14     | Bought a red potion for 26 gold pieces
 33803 | D:14     | Noticed Kirke
 33808 | D:14     | Killed Kirke
 34087 | D:15     | Entered Level 15 of the Dungeon
 34238 | D:15     | Reached skill level 18 in Stealth
 34403 | D:15     | Noticed Snorg
 34449 | D:15     | Killed Snorg
 34701 | D:15     | Found a staircase to the Depths.
 35020 | D:15     | Reached skill level 19 in Stealth
 35181 | D:15     | Found a bloodstained altar of Trog.
 35427 | Lair:2   | Learned a level 2 spell: Sublimation of Blood
 35635 | Depths:1 | Entered Level 1 of the Depths
 35635 | Depths:1 | Found a gateway to Hell.
 36063 | Depths:1 | Reached skill level 15 in Spellcasting
 36252 | Depths:1 | Reached XP level 17. HP: 96/96 MP: 35/40
 37170 | Snake:1  | Entered Level 1 of the Snake Pit
 37320 | Lair:2   | Learned a level 4 spell: Summon Ice Beast
 38359 | Snake:1  | Noticed Donald
 38447 | Snake:1  | Killed Donald
 38662 | Snake:1  | Noticed Roxanne
 40900 | Snake:1  | Killed Roxanne
 41506 | Snake:3  | Found a shimmering altar of Xom.
 41540 | Snake:3  | Found a flickering gateway to a bazaar.
 41563 | Bazaar   | Entered a bazaar
 41563 | Bazaar   | Found Lyney's Magic Scroll Shoppe.
 41563 | Bazaar   | Found Papneime's Antique Weapon Shoppe.
 41563 | Bazaar   | Found Taajuc's General Store.
 41584 | Bazaar   | Bought a transparent cutlass for 360 gold pieces
 41585 | Bazaar   | Identified the +3,+4 cutlass of Eternal Night {antimagic, Dex+3 Int+4} (You bought it in a shop in a bazaar)
 41587 | Bazaar   | Bought a quick blade for 600 gold pieces
 41587 | Bazaar   | Bought a glowing short sword for 120 gold pieces
 41592 | Bazaar   | Bought a scroll of identify for 34 gold pieces
 41592 | Bazaar   | Bought a scroll of recharging for 161 gold pieces
 41592 | Bazaar   | Bought a scroll of blinking for 127 gold pieces
 41592 | Bazaar   | Bought a scroll of enchant weapon II for 93 gold pieces
 41595 | Bazaar   | Bought a bread ration for 55 gold pieces
 41595 | Bazaar   | Bought a potion of curing for 22 gold pieces
 41595 | Bazaar   | Bought a potion of curing for 22 gold pieces
 42676 | Snake:3  | Got a warped whip
 43398 | Snake:4  | Reached skill level 15 in Short Blades
 44330 | Snake:5  | Entered Level 5 of the Snake Pit
 44416 | Snake:5  | Noticed Vashnia
 44418 | Snake:5  | HP: 4/96 [Vashnia/arrow (7)]
 44418 | Snake:5  | Shot with a bolt by a naga sharpshooter

Action                   |  1- 3 |  4- 6 |  7- 9 | 10-12 | 13-15 | 16-18 || total
-------------------------+-------+-------+-------+-------+-------+-------++-------
Melee: Dagger            |   142 |   115 |   181 |   143 |   686 |   418 ||  1685
       Short sword       |       |       |   239 |   537 |   508 |   432 ||  1716
       Unarmed           |       |       |       |       |       |    19 ||    19
Throw: Tomahawk          |       |       |     8 |    15 |     2 |       ||    25
 Cast: Corona            |     9 |     7 |     3 |       |       |       ||    19
       Ensorcelled Hiber |    11 |    55 |    94 |   130 |   217 |    70 ||   577
       Confuse           |     4 |     8 |    50 |   105 |   130 |   124 ||   421
       Sure Blade        |     1 |     2 |     8 |     7 |     8 |     6 ||    32
       Enslavement       |       |     2 |     8 |    17 |     4 |     1 ||    32
       Dazzling Spray    |       |     2 |    24 |    70 |   120 |   211 ||   427
       Apportation       |       |       |     2 |     2 |     2 |    13 ||    19
       Invisibility      |       |       |       |     1 |       |     4 ||     5
       Blink             |       |       |       |       |     3 |       ||     3
       Sublimation of Bl |       |       |       |       |       |    75 ||    75
       Summon Lightning  |       |       |       |       |       |    20 ||    20
       Summon Ice Beast  |       |       |       |       |       |     7 ||     7
Invok: Shadow Step       |       |       |       |       |    11 |     5 ||    16
Evoke: Wand              |       |       |     2 |    27 |    10 |    13 ||    52
  Use: Scroll            |       |     8 |    10 |     6 |    13 |    22 ||    59
       Potion            |       |       |       |       |     2 |     1 ||     3
 Stab: Sleeping          |    19 |    38 |    82 |   129 |   238 |   127 ||   633
       Confused          |     2 |     1 |    32 |    82 |    73 |    75 ||   265
       Distracted        |       |     1 |       |       |     5 |     9 ||    15
       Paralysed         |       |       |     1 |     1 |     1 |       ||     3
       Invisible         |       |       |     5 |    25 |    51 |    73 ||   154
